 Dungeon Crawl Stone Soup version 0.21.1-1-g345015f (webtiles) character file.

687 inc the Sneak (level 7, -3/41 HPs)
             Began as an Octopode Enchanter on Mar 16, 2018.
             Slain by a two-headed ogre
             ... wielding a +0 giant club
              (27 damage)
             ... on level 7 of the Dungeon.
             The game lasted 00:13:10 (5413 turns).

inc the Sneak (Octopode Enchanter)                  Turns: 5413, Time: 00:13:11

Health: -3/41      AC:  1    Str:  7    XL:     7   Next: 62%
Magic:  2/10       EV: 13    Int: 20    God:
Gold:   127        SH:  0    Dex: 12    Spells: 7/10 levels left

rFire    x . .     SeeInvis .   a - +1 dagger
rCold    + . .     Gourm    .   (no shield)
rNeg     . . .     Faith    .   (helmet restricted)
rPois    .         Spirit   .   (no amulet)
rElec    .         Reflect  .   g - ring of ice
rCorr    .         Harm     .   (no ring)
MR       .....                  (no ring)
Stlth    +++++.....             (no ring)
HPRegen  0.13/turn              (no ring)
MPRegen  0.12/turn              (no ring)
                                (no ring)
                                (no ring)

@: no status effects
A: almost no armour, stealthy swim, amphibious, 8 rings, constrict 8, camouflage
1, gelatinous body 1
a: no special abilities


You were on level 7 of the Dungeon.
You were near starving.

You visited 2 branches of the dungeon, and saw 9 of its levels.

You collected 127 gold pieces.

Inventory:

Hand Weapons
 a - a +1 dagger (weapon)
Missiles
 m - 180 stones (quivered)
Jewellery
 g - a ring of ice (left tentacle)
Wands
 h - a wand of random effects (17)
Scrolls
 d - a scroll of blinking {unknown}
 e - 2 scrolls of enchant weapon {unknown}
 i - 4 scrolls of remove curse
 l - 4 scrolls of teleportation {unknown}
 n - 3 scrolls of fog
 r - a scroll of random uselessness {unknown}
 u - a scroll of immolation {unknown}
Potions
 f - a potion of magic
 j - a potion of mutation
 o - 2 potions of cancellation
 p - a potion of agility
 q - 3 potions of degeneration
 s - a potion of haste {unknown}
 v - a potion of flight
Books
 b - a book of Maledictions

   Spells                             Type                      Level
   a - Corona                         Hexes                        1
   b - Ensorcelled Hibernation        Hexes/Ice                    2
   c - Confuse                        Hexes                        3
   d - Tukima's Dance                 Hexes                        3
   e - Dazzling Spray                 Conjuration/Hexes            3
Comestibles
 c - 10 rations


   Skills:
 - Level 2.3 Short Blades
 - Level 2.0 Dodging
 - Level 7.9 Stealth
 - Level 2.0 Spellcasting
 + Level 5.2 Hexes
 + Level 4.1 Ice Magic


You had 7 spell levels left.
You knew the following spells:

 Your Spells              Type           Power        Failure   Level  Hunger
a - Corona                Hex            ###....      1%          1    #......
b - Ensorcelled Hibernat  Hex/Ice        ####..       3%          2    ##.....


Dungeon Overview and Level Annotations

Branches:
Dungeon (8/15)             Temple (1/1) D:7
   Lair: D:8-11

Altars:
Ashenzari
Cheibriados
Dithmenos
Elyvilon
Fedhas
Makhleb
Nemelex Xobeh
Okawaru
Qazlal
Ru
Trog
Vehumet
Wu Jian
Xom
Yredelemnul
Zin

Shops:
D:5 (

Annotations:
D:6 Mgcat's ghost, novice GrFE


Innate Abilities, Weirdness & Mutations

You cannot wear most types of armour.
You are very stealthy in the water. (Stealth+)
You are amphibious.
You can wear up to eight rings at the same time.
You can use your tentacles to constrict eight enemies at once.
Your skin changes colour to match your surroundings (Stealth+).
Your rubbery body absorbs attacks. (AC +1, EV +1)


Message History

Aim: a two-headed ogre, wielding two giant clubs (heavily wounded, chance to defeat MR: 42%)
You feel a surge of power!
The two-headed ogre resists with some effort.
The two-headed ogre closely misses you.
The two-headed ogre hits you with a giant club!
Casting: Ensorcelled Hibernation
Confirm with . or Enter, or press ? or * to list all spells.
Aiming: Ensorcelled Hibernation
Press: ? - help, Shift-Dir - straight line, f/p - two-headed ogre
Aim: a two-headed ogre, wielding two giant clubs (heavily wounded, chance to defeat MR: 42%)
You feel a surge of power!
The two-headed ogre looks drowsy...
The helpless two-headed ogre fails to defend itself.
You impale the two-headed ogre!!
The two-headed ogre is almost dead.
The two-headed ogre barely misses you. The two-headed ogre closely misses you.
You hit the two-headed ogre but do no damage.
The two-headed ogre is almost dead.
The two-headed ogre hits you with a giant club!!
Ouch! That really hurt!
You die...

*,,****,,,,,,*#####....#.>..#*
**,,,,,,,**,,** ##......##...#*
,,,,,,,,***,,,*##.......#*#...#*
**,,**,,*
**,,..........##*#...#* *,,,*,,*
*,,...........####...# *,,,,,**
**,.####.....F..##..Y. *,**,,*
**,** #..###.#<....#.
*,***,*****,,*#########.##.####,
*,* **,**,,,**#@OF###...#,## **
*** ****,*** ###.....##..# * ***
#######*###


You could see a two-headed ogre and a bullfrog.

Vanquished Creatures
  An orc warrior (D:5)
  3 hounds
  3 orc wizards (D:5)
  An orc priest (D:5)
  Crazy Yiuf (D:4)
  An iguana (D:5)
  Natasha (thrice) (D:4)
  A worker ant (D:4)
  A hound zombie (D:4)
  A worker ant zombie (D:4)
  7 gnolls (D:4)
  3 adders
  3 oozes
  An adder skeleton (D:4)
  3 worms
  3 dart slugs
  3 leopard geckos
  7 orcs
  7 bats
  3 giant cockroaches
  9 goblins
  7 hobgoblins
  3 jackals (D:1)
  3 quokkas
  A ball python (D:3)
  4 frilled lizards
  8 kobolds
  10 rats
101 creatures vanquished.

Notes
Turn   | Place    | Note
-------+----------+-------------------------------------------
     0 | D:1      | inc the Octopode Enchanter began the quest for the Orb.
     0 | D:1      | Reached XP level 1. HP: 11/11 MP: 3/3
   515 | D:1      | Reached XP level 2. HP: 17/17 MP: 5/5
   519 | D:1      | Learned a level 2 spell: Ensorcelled Hibernation
  1085 | D:1      | Reached XP level 3. HP: 20/21 MP: 6/6
  1097 | D:1      | Reached skill level 1 in Ice Magic
  1992 | D:2      | Reached XP level 4. HP: 27/27 MP: 7/7
  2088 | D:2      | Found a burning altar of Makhleb.
  2090 | D:2      | Found an iron altar of Okawaru.
  2090 | D:2      | Found a burning altar of Makhleb.
  2092 | D:2      | Found a shimmering altar of Xom.
  2092 | D:2      | Found a hide-covered altar of Uskayaw.
  2092 | D:2      | Found a hide-covered altar of Uskayaw.
  2539 | D:3      | Reached skill level 5 in Stealth
  2971 | D:3      | Reached XP level 5. HP: 31/31 MP: 8/8
  3020 | D:3      | Found a sacrificial altar of Ru.
  3173 | D:4      | Found a runed door.
  3199 | D:4      | Reached skill level 6 in Stealth
  3424 | D:4      | Found a white marble altar of Elyvilon.
  3734 | D:4      | Reached skill level 7 in Stealth
  3740 | D:4      | Noticed Natasha
  3923 | D:4      | Reached XP level 6. HP: 28/36 MP: 9/9
  4327 | D:4      | Killed Natasha
  4341 | D:4      | Noticed Natasha
  4344 | D:4      | Killed Natasha
  4487 | D:4      | Noticed Natasha
  4505 | D:4      | Killed Natasha
  4682 | D:4      | Noticed Crazy Yiuf
  4686 | D:4      | Killed Crazy Yiuf
  4714 | D:5      | Entered Level 5 of the Dungeon
  4741 | D:5      | Noticed an orc warrior
  4744 | D:5      | Reached XP level 7. HP: 41/41 MP: 7/10
  4768 | D:5      | Reached skill level 5 in Hexes
  5033 | D:5      | Found a stormy altar of Qazlal.
  5076 | D:5      | Found Saenois's Antique Weapon Shop.
  5235 | D:7      | Found a staircase to the Ecumenical Temple.
  5247 | Temple   | Entered the Ecumenical Temple
  5291 | D:6      | Noticed Mgcat's ghost (novice GrFE)
  5362 | D:8      | Noticed a two-headed ogre
  5413 | D:7      | Slain by a two-headed ogre

Skill      XL: |  1  2  3  4  5  6  7 |
---------------+----------------------+-----
Short Blades   | 2 |  2.3
Ice Magic      | 1 3 4 |  4.1
Stealth        | 5 7 |  7.9
Hexes          | 4 5 |  5.2
Dodging        | |  2.0
Spellcasting   | |  2.0

Action                   |  1- 3 |  4- 6 |  7- 9 || total
-------------------------+-------+-------+-------++-------
Melee: Dagger            |    68 |   135 |    18 ||   221
       Constrict         |     9 |    16 |     2 ||    27
       Tentacles         |     5 |     8 |     2 ||    15
 Cast: Ensorcelled Hiber |    22 |    30 |    21 ||    73
  Use: Scroll            |     2 |     5 |     4 ||    11
       Potion            |       |     4 |     3 ||     7
 Stab: Sleeping          |    25 |    34 |    13 ||    72
  Eat: Chunk             |     5 |    10 |     2 ||    17
Armor: Skin              |     6 |    29 |       ||    35
Dodge: Dodged            |    38 |    64 |    13 ||   115
